 Dungeon Crawl Stone Soup version 0.17.0-25-gefc9c12 (webtiles) character file.

2676 Niddhoggr the Fighter (level 9, -41/89 HPs)
             Began as a Minotaur Berserker on Nov 19, 2015.
             Was a High Priest of Trog.
             Annihilated by septik's ghost (45 damage)
             ... on level 8 of the Dungeon.
             The game lasted 00:23:03 (5774 turns).

Niddhoggr the Fighter (Minotaur Berserker)          Turns: 5774, Time: 00:23:03

Health: -41/89     AC:  7    Str: 24    XL:     9   Next: 37%
Magic:  8/8        EV:  7    Int:  9    God:    Trog [*****.]
Gold:   384        SH:  0    Dex: 11    Spells: 0 memorised, 8 levels left

rFire  . . .     SeeInvis .     i - +3 great mace (holy)
rCold  . . .     Clarity  .     G - +2 robe {rN+}
rNeg   + . .     SustAt   .     (shield currently unavailable)
rPois  +         Gourm    .     (helmet restricted)
rElec  .         Spirit   .     A - +0 cloak
rCorr  .         Warding  .     y - +1 pair of gloves
rMut   .         Stasis   .     (no boots)
MR     ++...                    (no amulet)
Stlth  +.........               w - +5 ring of intelligence
                                r - ring of poison resistance

@: regenerating, very resistant to hostile enchantments, very unstealthy
A: retaliatory headbutt, horns 2
a: Berserk, Trog's Hand, Brothers in Arms, Burn Spellbooks, Renounce Religion


You were on level 8 of the Dungeon.
You worshipped Trog.
Trog was extremely pleased with you.
You were not hungry.

You visited 1 branch of the dungeon, and saw 8 of its levels.
You also visited: Sewer.

You collected 384 gold pieces.

Inventory:

Hand Weapons
 e - the +4 dagger of Popular Demand {pierce, rPois}
   (You found it on level 5 of the Dungeon)

   It inflicts extra damage upon your enemies.
   It protects you from poison.
 i - a +3 great mace of holy wrath (weapon)
 u - a +3 flail of protection
Missiles
 C - 6 steel javelins (quivered)
Armour
 y - a +1 pair of gloves (worn)
 A - a +0 cloak (worn)
 D - a +0 pair of gloves
 G - a +2 robe of positive energy (worn)
Jewellery
 n - an uncursed amulet of stasis
 r - a ring of poison resistance (left hand)
 w - a +5 ring of intelligence (right hand)
 H - an uncursed ring of ice
 M - an uncursed ring of poison resistance
 R - a cursed ring of loudness
Wands
 b - a wand of disintegration (15)
 t - a wand of enslavement (13)
 O - a wand of fireball (7)
Scrolls
 f - 4 scrolls of magic mapping
 h - 2 scrolls of teleportation
 j - 2 scrolls of amnesia
 q - 2 scrolls of noise
 v - a scroll of random uselessness
 J - 3 scrolls of identify
 L - a scroll of fog
Potions
 d - a potion of berserk rage {unknown}
 g - 2 potions of haste
 k - a potion of might {unknown}
 l - a potion of agility
 m - 4 potions of curing
 o - 5 potions of flight
 p - a potion of brilliance {unknown}
 s - a potion of invisibility {unknown}
 z - a potion of lignification {unknown}
 B - 2 potions of heal wounds {unknown}
 F - a potion of mutation {unknown}
 I - a potion of poison {unknown}
 N - a potion of experience {unknown}
Comestibles
 a - a chunk of flesh
 c - 8 bread rations
 x - 2 meat rations
 E - a slice of pizza


   Skills:
 * Level 11.4 Fighting
   Level 8.4(8.6) Axes
 * Level 3.0(6.1) Maces & Flails
 - Level 4.5 Throwing
 + Level 3.6 Armour
 + Level 3.0 Dodging


You had 8 spell levels left.
You didn't know any spells.

Dungeon Overview and Level Annotations

Branches:
Dungeon (8/15)             Temple (0/1) D:7
   Lair: D:8-11

Altars:
Dithmenos
Elyvilon
Fedhas
Yredelemnul
Zin
The Shining One

Annotations:
D:8 septik's ghost, novice OgFi


Innate Abilities, Weirdness & Mutations

You reflexively headbutt those who attack you in melee.
You have a pair of horns on your head.


Message History

Septik's ghost is heavily damaged.
Septik's ghost completely misses you. You furiously retaliate!
You headbutt septik's ghost! You completely miss septik's ghost.
You headbutt septik's ghost.
Septik's ghost is severely damaged.
Septik's ghost hits you!!!
You sock septik's ghost!
Septik's ghost convulses.
You headbutt septik's ghost.
Septik's ghost is almost destroyed.
Septik's ghost hits you!!
* * * LOW HITPOINT WARNING * * *
Septik's ghost closely misses you.
Your skin crawls.
You feel resistant to hostile enchantments.
You feel slightly more hungry. Septik's ghost hits you!
* * * LOW HITPOINT WARNING * * *
Unknown command.
You can't go down here!
Septik's ghost hits you!!!
Ouch! That really hurt!
You die...

## #. # ..
##.###.
.......
.......###
......cW@#
......5###
####...
#.## #. #


You could see a centaur, septik's ghost and a shadow imp.

Vanquished Creatures
  Sigmund (D:4)
  A spriggan (D:7)
  Edmund (D:5)
  Duvessa (D:4)
  A sky beast (D:7)
  An ice beast (D:7)
  An orc warrior (D:7)
  2 ogres
  2 big kobolds
  A phantom (D:6)
  A centaur (D:5)
  A giant frog (D:6)
  Dowan (D:4)
  3 scorpions
  A crimson imp (D:5)
  8 orc wizards
  A centaur zombie (D:6)
  3 hounds
  Crazy Yiuf (D:7)
  5 orc priests
  2 giant frog skeletons
  Terence (D:2)
  6 iguanas
  3 worker ants
  A killer bee zombie (D:7)
  A hound skeleton (D:5)
  A worker ant zombie (D:5)
  9 adders
  2 river rats (Sewer)
  A gnoll (D:7)
  2 adder zombies
  An adder skeleton (D:4)
  2 worms (D:2)
  2 giant geckos
  20 orcs
  4 bats
  3 goblins
  13 hobgoblins
  4 quokkas
  3 ball pythons
  10 giant cockroaches
  4 giant newts
  15 jackals
  A jackal skeleton (D:4)
  12 kobolds
  13 rats
173 creatures vanquished.

Vanquished Creatures (others)
  A bat (D:1)
1 creature vanquished.

Grand Total: 174 creatures vanquished

Notes
Turn   | Place    | Note
--------------------------------------------------------------
     0 | D:1      | Niddhoggr the Minotaur Berserker began the quest for the Orb.
     0 | D:1      | Reached XP level 1. HP: 19/19 MP: 0/0
    59 | D:1      | Reached skill level 4 in Fighting
   134 | D:1      | Reached XP level 2. HP: 24/27 MP: 1/1
   415 | D:1      | Reached ** piety under Trog
   956 | D:2      | Found a faded altar to an unknown god.
  1012 | D:2      | Reached XP level 3. HP: 26/34 MP: 2/2
  1033 | D:2      | Found a white marble altar of Elyvilon.
  1126 | D:2      | Noticed Terence
  1135 | D:2      | Killed Terence
  1135 | D:2      | Reached skill level 5 in Fighting
  1160 | D:2      | Reached XP level 4. HP: 33/42 MP: 3/3
  1347 | D:2      | Found a basalt altar of Yredelemnul.
  1428 | D:2      | Reached skill level 5 in Axes
  1775 | D:3      | Found a glowing drain.
  1809 | Sewer    | Entered a sewer
  1819 | Sewer    | Reached *** piety under Trog
  1862 | Sewer    | Noticed a big kobold
  1863 | Sewer    | Reached XP level 5. HP: 50/50 MP: 4/4
  1882 | Sewer    | Killed a big kobold
  1882 | Sewer    | Reached skill level 6 in Fighting
  1945 | Sewer    | Found a glowing silver altar of Zin.
  2100 | D:3      | Reached XP level 6. HP: 37/58 MP: 5/5
  2111 | D:3      | Reached skill level 7 in Fighting
  2139 | D:3      | Found a shadowy altar of Dithmenos.
  2319 | D:3      | Received a gift from Trog
  2351 | D:3      | Found a glowing silver altar of Zin.
  2608 | D:4      | Noticed Dowan
  2610 | D:4      | Noticed Duvessa
  2634 | D:4      | Killed Duvessa
  2634 | D:4      | Reached skill level 1 in Throwing
  2635 | D:4      | Killed Dowan
  2635 | D:4      | Reached XP level 7. HP: 60/67 MP: 6/6
  2740 | D:4      | Reached skill level 8 in Fighting
  2780 | D:4      | Reached **** piety under Trog
  2830 | D:4      | Noticed Sigmund
  2860 | D:4      | Killed Sigmund
  3157 | D:5      | Entered Level 5 of the Dungeon
  3203 | D:5      | Reached skill level 9 in Fighting
  3203 | D:5      | Reached XP level 8. HP: 45/78 MP: 7/7
  3412 | D:5      | Got a scorched dagger
  3413 | D:5      | Identified the +4 dagger of Popular Demand {pierce, rPois} (You found it on level 5 of the Dungeon)
  3517 | D:5      | Noticed Edmund
  3531 | D:5      | Killed Edmund
  4151 | D:6      | Reached skill level 10 in Fighting
  4438 | D:6      | Reached ***** piety under Trog
  4967 | D:7      | Received a gift from Trog
  4968 | D:7      | Reached XP level 9. HP: 86/86 MP: 8/8
  4992 | D:7      | Found a glowing golden altar of the Shining One.
  4993 | D:7      | Found a blossoming altar of Fedhas.
  4999 | D:7      | Reached skill level 11 in Fighting
  5025 | D:7      | Reached skill level 1 in Maces & Flails
  5469 | D:7      | Noticed Crazy Yiuf
  5473 | D:7      | Killed Crazy Yiuf
  5552 | D:7      | Found a staircase to the Ecumenical Temple.
  5758 | D:8      | Noticed septik's ghost (novice OgFi)
  5773 | D:8      | HP: 3/89 [septik's ghost (8)]
  5774 | D:8      | Annihilated by septik's ghost

Action                   |  1- 3 |  4- 6 |  7- 9 || total
-------------------------+-------+-------+-------++-------
Melee: Hand axe          |    70 |       |       ||    70
       Flail             |     1 |   128 |   173 ||   302
       Great mace        |       |       |    54 ||    54
Throw: Javelin           |       |     1 |     4 ||     5
Invok: Berserk           |     1 |     1 |     3 ||     5
       Trog's Hand       |       |       |     1 ||     1
  Use: Scroll            |       |       |    18 ||    18
 Stab: Sleeping          |     1 |       |       ||     1
  Eat: Chunk             |     2 |     6 |    10 ||    18
       Fruit             |       |       |     4 ||     4
